 Dungeon Crawl Stone Soup version 0.32-a0-765-gfba4d74c8c (webtiles) character file.

Game seed: 6382677784612847910

167 Nattfarinn the Trooper (level 5, -4/43 HPs)
             Began as a Coglin Necromancer on Mar 18, 2024.
             Slain by an orc
             ... wielding a +0 trident
              (8 damage)
             ... on level 4 of the Dungeon.
             The game lasted 00:07:24 (2797 turns).

Nattfarinn the Trooper (Coglin Necromancer)         Turns: 2797, Time: 00:07:24

Health: -4/43      AC:  5    Str:  8    XL:     5   Next: 48%
Magic:  7/7        EV: 11    Int: 15    God:
Gold:   204        SH:  0    Dex: 16    Spells: 6/7 levels left

rFire   . . .        E - +0 falchion {Chun}
rCold   . . .        y - +0 falchion {Juwon}
rNeg    . . .        a - +0 robe
rPois   .            (no helmet)
rElec   .            k - +0 cloak
rCorr   .            r - +0 pair of gloves
SInv    .            A - +0 pair of boots
Will    .....        (amulet unavailable)
Stlth   ++           (ring unavailable)
HPRegen 0.27/turn    (ring unavailable)
MPRegen 0.10/turn    (no gizmo)

%: no passive effects
@: revved
A: off-hand wielding, slow wielding, warmup strikes, no jewellery
a: Invent Gizmo, Convert to Beogh


You were on level 4 of the Dungeon.
You visited 1 branch of the dungeon, and saw 4 of its levels.

You collected 240 gold pieces.
You spent 36 gold pieces at shops.

Inventory:

Hand Weapons
 f - a +0 spear {Yongsun}
 g - a +0 mace {Servia}
 o - a +0 sling {Narong}
 t - a +0 dagger
 u - a +0 dagger
 y - a +0 falchion (offhand) {Juwon}
 E - a +0 falchion (weapon) {Chun}
Armour
 a - a +0 robe (worn)
 k - a +0 cloak (worn)
 r - a +0 pair of gloves (worn)
 A - a +0 pair of boots (worn)
Talismans
 D - the maw talisman "Myisch" {Fly rC+ Str+3 Dex-5}
   (You found it on level 4 of the Dungeon)

   [maw talisman]

   Str+3:     It affects your strength (+3).
   Dex-5:     It affects your dexterity (-5).
   rC+:       It protects you from cold.
   Fly:       It grants you flight.
Scrolls
 c - a scroll of enchant weapon
 e - 2 scrolls of immolation
 h - 2 scrolls of teleportation {unknown}
 i - a scroll of vulnerability {unknown}
 l - a scroll of noise
 m - 4 scrolls of identify
 n - a scroll of fog {unknown}
 p - 2 scrolls of enchant armour {unknown}
 v - a scroll of amnesia {unknown}
 w - a scroll of fear {unknown}
 x - a scroll of blinking {unknown}
 C - a scroll of brand weapon {unknown}
Potions
 b - a potion of magic
 d - a potion of mutation {unknown}
 j - a potion of curing {unknown}
 q - a potion of ambrosia {unknown}
 s - 2 potions of haste {unknown}
 z - a potion of degeneration {unknown}
 B - a potion of attraction {unknown}


   Skills:
 * Level 4.9 Fighting
 - Level 1.8 Dodging
 - Level 1.6 Stealth
 - Level 1.8 Spellcasting
 - Level 4.0 Necromancy


You had 6 spell levels left.
You knew the following spells:

 Your Spells              Type           Power      Damage    Failure   Level
a - Necrotise             Necr           52%        1d6       4%          1

Your spell library contained the following spells:

 Spells                   Type           Power      Damage    Failure   Level
 Vampiric Draining        Necr           13%        2d6       13%         3
 Apportation              Tloc           2%         N/A       22%         1
 Jinxbite                 Hex            2%         N/A       34%         2
 Animate Dead             Necr           13%        N/A       41%         4
 Curse of Agony           Necr           13%        N/A       77%         5
 Alistair's Intoxication  Alch           0%         N/A       99%         5


Dungeon Overview and Level Annotations

Branches:
Dungeon (4/15)
 Temple: D:4-7

Altars:
Ashenzari
Hepliaklqana
Vehumet

Shops:
D:2 [*?


Innate Abilities, Weirdness & Mutations

You can wield a second weapon in your off-hand.
It takes a long time for you to wield or remove held weapons.
Your first few attacks do less damage.
You cannot equip rings or amulets.


Message History

The orc wizard shouts!
The orc priest shouts!
The orc shouts!
You hit the orc with your +0 falchion.
The orc is lightly wounded.
You closely miss the orc with your +0 falchion.
The orc hits you with a +0 club.
The orc priest threatens, "Beogh's wrath is as vast as their mercy.
Make your choice!" (press Y on the ability menu to convert to Beogh)
You barely miss the orc with your +0 falchion.
The orc is lightly wounded.
You barely miss the orc with your +0 falchion.
The orc priest mumbles some strange prayers to Beogh against you.
Pain shoots through your body!
The orc priest calls down the wrath of Beogh upon you.
You barely resist. The orc closely misses you.
You hit the orc with your +0 falchion.
The orc is moderately wounded.
You slash the orc with your +0 falchion!
You kill the orc!
You barely miss the orc wizard with your +0 falchion.
You hit the orc wizard but do no damage.
The orc wizard gestures at you while chanting.
The magic dart hits you.
You hit the orc wizard with your +0 falchion.
The orc wizard is moderately wounded.
You hit the orc wizard with your +0 falchion.
The orc hits you from afar with a +0 trident.
The orc wizard hits you but does no damage.
The orc closely misses you.
You slash the orc wizard with your +0 falchion!
The orc wizard is severely wounded.
You hit the orc wizard with your +0 falchion.
You kill the orc wizard!
The orc barely misses you. The orc hits you with a +0 trident.
The orc priest calls down the wrath of Beogh upon you.
Beogh smites you!
* * * LOW HITPOINT WARNING * * *
You hit the orc but do no damage. You hit the orc with your +0 falchion.
The orc hits you with a +0 trident!
You die...

#...........# #..
.$.$........#########
#....................
#................
#................
#................
#................
##$...............
#@$...............
.....oo.................
###...##................
#..#. #####............
... # ### ###.........
.# .># #######
.....########
#.##.#......####
..##.#.........#


You could see an orc priest and an orc.

Vanquished Creatures
  An iguana (D:4)
  An orc wizard (D:4)
  4 adders
  2 ribbon worms (D:2)
  8 orcs
  10 ball pythons
  2 bats
  2 endoplasms (D:1)
  3 giant cockroaches
  6 goblins
  6 hobgoblins
  2 jackals (D:4)
  2 quokkas (D:2)
  A frilled lizard (D:2)
  11 kobolds
  5 rats
66 creatures vanquished.

Notes
Turn   | Place    | Note
-------+----------+-------------------------------------------
     0 | D:1      | Nattfarinn the Coglin Necromancer began the quest for the
                  | Orb.
     0 | D:1      | Reached XP level 1. HP: 13/13 MP: 3/3
   297 | D:1      | Reached skill level 1 in Fighting
   333 | D:1      | Reached XP level 2. HP: 21/21 MP: 4/4
   652 | D:2      | Found Pevirgh's Magic Scroll Shop.
   679 | D:2      | Bought a scroll of noise for 12 gold pieces
   679 | D:2      | Bought a scroll of identify for 24 gold pieces
   694 | D:2      | Reached XP level 3. HP: 26/28 MP: 5/5
   774 | D:2      | Found Koas Karr's Assorted Antiques.
   827 | D:2      | Found Dathan's Armour Boutique.
  1451 | D:3      | Found a radiant altar of Vehumet.
  1480 | D:3      | Reached XP level 4. HP: 35/35 MP: 6/6
  1814 | D:3      | Identified the +0 robe of Gedwefea {Str+2 Slay+3}
  2076 | D:3      | Found a faded altar of an unknown god.
  2136 | D:4      | Found a hazy altar of Hepliaklqana.
  2468 | D:4      | Identified the maw talisman "Myisch" {Fly rC+ Str+3 Dex-5}
  2508 | D:4      | Found a broken altar of Ashenzari.
  2743 | D:4      | Reached XP level 5. HP: 24/43 MP: 7/7
  2797 | D:4      | Slain by an orc

Illustrated notes

Levels and vault maps discovered:
D:1:      minmay_arrival_loop, layout_basic
D:2:      layout_basic, serial_shops, nicolae_shop_just_a_little_nook, shop,
          nicolae_shop_statue_plus
D:3:      corexii_shack_village, layout_loops_cross,
          mainiacjoe_overflow_24_doors, shapermc_ecumenical_altar_mp_vishouse,
          grunt_decor_one_mirror
D:4:      nicolae_cairo_tiling_large, layout_basic, amcnicky_altar_gilded,
          riverfiend_overflow_shadow_ancestor, grunt_gozag_breadcrumbs

Skill      XL: |  1  2  3  4 |
---------------+-------------+-----
Fighting       | 1 2 3 4 |  4.9
Dodging        | |  1.8
Stealth        | |  1.6
Spellcasting   | |  1.8
Necromancy     | |  4.0

Action                     |  1- 3 |  4- 6 || total
---------------------------+-------+-------++-------
  Melee: Mace              |    58 |    54 ||   112
         Spear             |    87 |    72 ||   159
         Sling             |    13 |       ||    13
         Falchion          |       |    43 ||    43
   Cast: Necrotise         |    11 |       ||    11
    Use: Scroll            |     2 |       ||     2
   Stab: Sleeping          |     4 |     3 ||     7
 Armour: Robe              |    57 |    53 ||   110
  Dodge: Dodged            |    44 |    48 ||    92

Table legend: (Time is in decaauts)
 A = Elapsed time spent in this place.
 B = Non-inter-level travel time spent in this place.
 C = Inter-level travel time spent in this place.
 D = Time resting spent in this place.
 E = Time spent auto-exploring this place.
 F = Levels seen in this place.
 G = Mean time per level.
                   A        B        C        D        E       F      G
               +--------+--------+--------+--------+--------+-----+--------+
         Total |   2841 |   2710 |    131 |      0 |   2112 |   4 |  710.2 |
       Dungeon |   2841 |   2710 |    131 |      0 |   2112 |   4 |  710.2 |
               +--------+--------+--------+--------+--------+-----+--------+

Top non-repeatable levels by time:
     D:3: 826 daAuts
     D:2: 723 daAuts
     D:4: 675 daAuts
     D:1: 616 daAuts
